 Dungeon Crawl Stone Soup version 0.30.0-29-ga12c61a403 (webtiles) character file.

Game seed: 13174242707436138838

3787 Gorgondantess the Grappler (level 10, -3/83 HPs)
             Began as a Ghoul Warper on June 18, 2023.
             Was a Believer of Ashenzari.
             Slain by a warg (12 damage)
             ... on level 8 of the Dungeon.
             The game lasted 00:17:41 (8203 turns).

Gorgondantess the Grappler (Ghoul Warper)           Turns: 8203, Time: 00:17:41

Health: -3/83      AC:  5    Str: 16    XL:     10   Next: 16%
Magic:  14/14      EV: 13    Int: 12    God:    Ashenzari [**....]
Gold:   495        SH:  0    Dex: 14    Spells: 9/15 levels left

rFire   + .          .
                       - Unarmed
rCold   + . .        (no shield)
rNeg    + + +        a - +0 leather armour "Shame of Ashenzari" {Range, Cun} (curse)
rPois   ∞            J - +0 helmet "Gaze Upon Infinity" {Comp, Elem} (curse)
rElec   .            (no cloak)
rCorr   .            (no gloves)
SInv    +            h - +0 pair of boots of Supernal Knowledge {Bglg, Self} (curse)
Will    .....        (no amulet)
Stlth   ++           q - +6 ring of dexterity
HPRegen 0.00/turn    I - ring of protection from fire
MPRegen 0.14/turn

%: no passive effects
@: marked, inhibited regen
A: claws 1, cold resistance 1, negative energy resistance 3, inhibited
regeneration, torment resistance 2, devour on kill
a: Renounce Religion, Shatter the Chains


You were on level 8 of the Dungeon.
You worshipped Ashenzari.
Ashenzari was pleased with you.
You visited 2 branches of the dungeon, and saw 9 of its levels.
You also visited: Ossuary.

You collected 495 gold pieces.

Inventory:

Hand Weapons
 o - a +0 sling
 y - a +5 hand axe of venom
 L - a +0 war axe
Missiles
 c - 7 boomerangs of dispersal
 n - 23 poisoned darts (quivered)
Armour
 a - the cursed +0 leather armour "Shame of Ashenzari" (worn) {Range, Cun}

   It has a curse which improves the following skills: Ranged Combat: Ranged
   Weapons and Throwing.
   Cunning:   Dodging and Stealth.
 h - the cursed +0 pair of boots of Supernal Knowledge (worn) {Bglg, Self}
   (You found it on level 1 of the Dungeon)

   It has a curse which improves the following skills: Beguiling: Conjurations,
   Hexes and Translocations.
   Introspection: Fighting and Spellcasting.
 p - a +0 ring mail
 J - the cursed +0 helmet "Gaze Upon Infinity" (worn) {Comp, Elem}
   (You found it on level 6 of the Dungeon)

   It has a curse which improves the following skills: Companions: Summonings
   and Necromancy.
   Elements:  Fire Magic, Ice Magic, Air Magic and Earth Magic.
Jewellery
 i - an amulet of faith
 q - a +6 ring of dexterity (left claw)
 B - a ring of resist corrosion
 I - a ring of protection from fire (right claw)
Wands
 H - a wand of polymorph (1)
 K - a wand of paralysis (6)
 M - a wand of flame (3)
Scrolls
 b - 2 scrolls of blinking
 e - 4 scrolls of teleportation
 g - a scroll of enchant weapon
 k - 4 scrolls of enchant armour
 l - 2 scrolls of torment
 m - 4 scrolls of noise
 v - a scroll of immolation
 x - 2 scrolls of amnesia
 E - a scroll of poison
 F - a scroll of magic mapping
 G - a scroll of brand weapon
Potions
 d - 6 potions of brilliance
 f - a potion of magic
 j - a potion of degeneration
 r - 4 potions of mutation
 s - 2 potions of curing
 t - 2 potions of haste
 u - 2 potions of heal wounds
 w - a potion of cancellation
 z - a potion of lignification
 A - a potion of attraction
 C - 2 potions of flight
 D - a potion of invisibility


   Skills:
 * Level 4.9(6.1) Fighting
 + Level 1.1(1.8) Throwing
 + Level 3.6 Armour
 + Level 3.2(4.2) Dodging
 + Level 3.1(4.1) Stealth
 * Level 12.4 Unarmed Combat
 + Level 2.4(3.3) Spellcasting
 - Level 1.7(2.6) Necromancy
 * Level 3.9(5.0) Translocations
 - Level 1.8(2.7) Air Magic


You had 9 spell levels left.
You knew the following spells:

 Your Spells              Type           Power      Damage    Failure   Level
a - Blink                 Tloc           28%        N/A       5%          2
b - Vhi's Electric Charg  Tloc/Air       22%        N/A       17%         3
c - Necrotise             Necr           32%        1d5       10%         1

Your spell library contained the following spells:

 Spells                   Type           Power      Damage    Failure   Level
 Apportation              Tloc           28%        N/A       3%          1
 Lesser Beckoning         Tloc           28%        N/A       5%          2
 Teleport Other           Tloc           14%        N/A       11%         3
 Summon Small Mammal      Summ           8%         N/A       26%         1
 Manifold Assault         Tloc           14%        N/A       34%         4
 Dazzling Flash           Conj/Hex       4%         N/A       63%         3
 Hailstorm                Conj/Ice       2%         3d3       63%         3
 Inner Flame              Hex/Fire       2%         N/A       63%         3
 Ozocubu's Armour         Ice            2%         N/A       63%         3
 Stone Arrow              Conj/Erth      4%         3d7       63%         3
 Animate Armour           Summ/Erth      4%         N/A       95%         4
 Flame Wave               Conj/Fire      2%         2d4       95%         4
 Sticky Flame             Conj/Fire      2%         2d3       95%         4
 Agony                    Necr           8%         N/A       95%         5
 Silence                  Hex/Air        2%         N/A       99%         5
 Simulacrum               Ice/Necr       2%         N/A       100%        6
 Ozocubu's Refrigeration  Ice            1%         4d7       100%        7
 Summon Hydra             Summ           1%         N/A       100%        7
 Lehudib's Crystal Spear  Conj/Erth      1%         10d2      100%        8
 Sublimation of Blood     Necr           Unusable   N/A       N/A         2
 Wereblood                Tmut           Unusable   N/A       N/A         2
 Ice Form                 Ice/Tmut       Unusable   N/A       N/A         4

Dungeon Overview and Level Annotations

Branches:
Dungeon (8/15)             Temple (1/1) D:4            Lair (0/5) D:8
Ossuary (visited)

Altars:
Ashenzari
Cheibriados
Dithmenos
Fedhas
Gozag
Hepliaklqana
Kikubaaqudgha
Makhleb
Nemelex Xobeh
Okawaru
Qazlal
Ru
Sif Muna
Trog
Uskayaw
Vehumet
Wu Jian
Xom
Yredelemnul

Shops:
D:4 =   D:7 :=


Innate Abilities, Weirdness & Mutations

You are immune to poison.
You have sharp fingernails.
Your flesh is cold resistant. (rC+)
You are immune to negative energy. (rN+++)
You do not regenerate when monsters are visible.
You are immune to unholy pain and torment.
You thrive by killing the living.


Message History

You scratch the warg.
The warg is almost dead.
The warg misses you.
You claw the warg!
You kill the warg!
You claw the orc wizard!
The orc wizard is almost dead.
The orc wizard casts a spell at you. The magic dart hits you.
* * * LOW HITPOINT WARNING * * *
An orc priest comes into view. It is wielding a +0 whip.
You claw the orc wizard!
You kill the orc wizard!
You feel better.
You closely miss the orc priest. You scratch the orc priest.
The orc priest is lightly wounded.
The orc priest calls upon Beogh to heal the orc priest.
The orc priest's wounds heal themselves!
The orc priest hits you but does no damage.
You scratch the orc priest. You claw the orc priest!
The orc priest is almost dead.
The orc priest casts a cantrip, but nothing happens.
You barely miss the orc priest.
The orc priest is almost dead.
The orc priest invokes the aid of Beogh against you.
Beogh smites you!
* * * LOW HITPOINT WARNING * * *
You closely miss the orc priest.
The orc priest is almost dead.
You scratch the orc priest.
You kill the orc priest!
You claw the warg!
The warg is moderately wounded.
The warg bites you but does no damage.
An orc warrior comes into view. It is wielding a +0 hand axe.
You closely miss the warg. Your claw misses the warg.
The warg is moderately wounded.
The warg bites you!
You die...

* ###.....# ,
####..# , **,
** #..# * *
#<.# * , **
#########..#
##..........#
,
##.........###
, **
#..######### ,
, , *#@## , ,
,{#h#
,,...P.{oo#
>....o..# , ,,
.......## , ,
...(..# .....#
* ...## * * **
.## *


You could see a warg, an orc warrior, an orc priest and an orc.

Vanquished Creatures
  Grinder (D:3)
  A wyvern (D:7)
  3 yaks
  Menkaure (D:6)
  A warg (D:8)
  A water moccasin (D:7)
  2 ice beasts
  2 black bears
  A centaur (D:7)
  An ogre (D:5)
  2 phantoms
  2 scorpions (D:7)
  2 elf zombies (Ossuary)
  7 wights
  3 killer bees (D:7)
  6 howler monkeys
  7 centaur zombies (Ossuary)
  3 human zombies (Ossuary)
  3 orc priests
  3 hounds
  4 iguanas
  3 jellies
  2 sleepcaps
  Jessica (D:2)
  3 orc wizards
  3 mummies (Ossuary)
  3 gnolls (D:3)
  3 adders
  A shadow imp (D:7)
  2 worms
  2 dart slugs
  21 orcs
  11 bats
  2 endoplasms
  4 giant cockroaches
  7 goblins
  4 hobgoblins
  4 jackals (D:3)
  7 kobolds
  3 quokkas
  4 ball pythons
  2 frilled lizards (D:2)
  7 rats
155 creatures vanquished.

Notes
Turn   | Place    | Note
-------+----------+-------------------------------------------
     0 | D:1      | Gorgondantess the Ghoul Warper began the quest for the Orb.
     0 | D:1      | Reached XP level 1. HP: 17/17 MP: 2/2
   140 | D:1      | Reached XP level 2. HP: 24/24 MP: 3/3
   248 | D:1      | Reached skill level 3 in Unarmed Combat
   958 | D:2      | Reached XP level 3. HP: 30/30 MP: 4/4
  1290 | D:2      | Reached skill level 4 in Unarmed Combat
  1710 | D:2      | Noticed Jessica
  1720 | D:2      | Killed Jessica
  1721 | D:2      | Reached XP level 4. HP: 34/37 MP: 5/5
  2031 | D:3      | Noticed Grinder
  2061 | D:3      | Killed Grinder
  2062 | D:3      | Reached skill level 6 in Unarmed Combat
  2062 | D:3      | Reached XP level 5. HP: 7/45 MP: 6/6
  2062 | D:3      | Reached XP level 6. HP: 7/51 MP: 7/7
  2514 | D:3      | Reached skill level 1 in Armour
  3111 | D:4      | Found a staircase to the Ecumenical Temple.
  3117 | Temple   | Entered the Ecumenical Temple
  3346 | Temple   | Became a worshipper of Ashenzari the Shackled
  3457 | D:4      | Found Qoshust's Jewellery Emporium.
  3635 | D:4      | You fall into a shaft and drop 2 floors!
  3659 | D:6      | Reached skill level 7 in Unarmed Combat
  3708 | D:6      | Reached skill level 1 in Stealth
  3708 | D:6      | Reached XP level 7. HP: 28/57 MP: 8/8
  4059 | D:5      | Entered Level 5 of the Dungeon
  4114 | D:5      | Found a sand-covered staircase.
  4117 | Ossuary  | Entered an ossuary
  4169 | Ossuary  | Reached skill level 8 in Unarmed Combat
  4432 | Ossuary  | Reached XP level 8. HP: 23/63 MP: 9/9
  4758 | D:5      | Reached skill level 9 in Unarmed Combat
  5151 | D:5      | Noticed a yak
  5357 | D:4      | Reached * piety under Ashenzari
  5550 | D:5      | Noticed a yak
  5569 | D:5      | Noticed a yak
  5574 | D:4      | Killed a yak
  5575 | D:4      | Reached skill level 10 in Unarmed Combat
  5619 | D:4      | Killed a yak
  5713 | D:5      | Killed a yak
  5714 | D:5      | Reached XP level 9. HP: 40/72 MP: 12/12
  5717 | D:5      | Learned a level 2 spell: Blink
  5721 | D:5      | Learned a level 3 spell: Vhi's Electric Charge
  6166 | D:6      | Noticed Menkaure
  6202 | D:6      | Killed Menkaure
  6440 | D:6      | Learned a level 1 spell: Necrotise
  6578 | D:6      | Found a stormy altar of Qazlal.
  6615 | D:6      | Reached skill level 11 in Unarmed Combat
  6937 | D:7      | Reached skill level 1 in Air Magic
  6960 | D:7      | Found a shadowy altar of Dithmenos.
  6972 | D:7      | Found a snail-covered altar of Cheibriados.
  7109 | D:7      | Found Firach's Vocational Training.
  7119 | D:7      | Reached skill level 1 in Necromancy
  7291 | D:7      | Found Hipank's Jewellery Shoppe.
  7323 | D:7      | Reached skill level 1 in Throwing
  7323 | D:7      | Reached skill level 12 in Unarmed Combat
  7564 | D:7      | Reached XP level 10. HP: 81/81 MP: 13/13
  7663 | D:7      | Reached ** piety under Ashenzari
  8176 | D:8      | Found a staircase to the Lair.
  8203 | D:8      | Slain by a warg

Illustrated notes

Levels and vault maps discovered:
D:1:      psy_arrival_terrarium, layout_basic, grunt_decor_resistance
D:2:      layout_loops_ring, minmay_tromino_i4, uniq_jessica
D:3:      layout_basic, feat_on_display, uniq_grinder
D:4:      layout_gridville, minmay_temple_entry_waves, serial_shops, shop,
          eino_small_chamber_without_monster
D:5:      layout_cave_pods, lightli_ossuary_entry_decrepit_ruins,
          portal_sewer_entry_a
D:6:      layout_basic, jmf_multi_god_temple, uniq_menkaure
D:7:      layout_basic, nicolae_overflow_squiral, serial_shops, shop,
          nicolae_shop_vocational
D:8:      layout_layer_cave, erik_lair_orcish_takeover
Temple:   mainiacjoe_temple_bowtie_tessellation

Skill      XL: |  1  2  3  4  5  6  7  8  9 |
---------------+----------------------------+-----
Unarmed Combat | 3 4 6 7 8 10 12 | 12.4
Fighting       | 3 4 |  4.9
Armour         | 1 2 3 |  3.6
Dodging        | 2 3 |  3.2
Stealth        | 1 2 3 |  3.1
Spellcasting   | 2 |  2.4
Translocations | 3 |  3.9
Air Magic      | 1 |  1.8
Necromancy     | 1 |  1.7
Throwing       | 1 |  1.1

Action                     |  1- 3 |  4- 6 |  7- 9 | 10-12 || total
---------------------------+-------+-------+-------+-------++-------
  Melee: Unarmed           |   119 |   137 |   322 |    54 ||   632
         Punch             |       |    10 |    19 |     3 ||    32
  Throw: Dart              |     4 |     2 |     9 |       ||    15
 Invoke: Curse Item        |       |       |     2 |     1 ||     3
    Use: Scroll            |       |       |     9 |       ||     9
   Stab: Sleeping          |       |     1 |     1 |     1 ||     3
 Armour: Leather armour    |    48 |    24 |    72 |     2 ||   146
  Dodge: Dodged            |    81 |    61 |   151 |    18 ||   311
